 Dungeon Crawl Stone Soup version 0.25-a0-576-g50b708a4c4 (webtiles) character file.

Game seed: 9641505355746751175, levelgen mode: classic

15098 EnegeticOcto the Pandemonic (level 11, -8/108 HPs)
             Began as a Deep Dwarf Fighter on Mar 1, 2020.
             Was a High Priest of Makhleb.
             Succumbed to a redback's poison
             ... on level 12 of the Dungeon.
             The game lasted 00:05:51 (7938 turns).

EnegeticOcto the Pandemonic (Deep Dwarf Fighter)    Turns: 7938, Time: 00:05:52

Health: -8/108     AC: 12    Str: 23    XL:     11   Next: 97%
Magic:  2/2        EV:  6    Int:  9    God:    Makhleb [*****.]
Gold:   468        SH: 11    Dex: 12    Spells: 10/10 levels left

rFire    . . .     SeeInvis .   a - +1 war axe
rCold    . . .     Gourm    .   c - +0 kite shield
rNeg     . . .     Faith    .   v - +0 chain mail
rPois    .         Spirit   .   m - +1 helmet
rElec    .         Reflect  .   (no cloak)
rCorr    .         Harm     .   (no gloves)
MR       +....                  (no boots)
Stlth    ..........             (no amulet)
HPRegen  0.00/turn              (no ring)
MPRegen  0.08/turn              (no ring)

@: lethally poisoned (-8 -> -165), non-regenerating, heavily drained
A: damage resistance, heal wounds, sense surroundings 2, no regeneration
a: Heal Wounds, Minor Destruction, Lesser Servant of Makhleb, Major Destruction,
Greater Servant of Makhleb, Renounce Religion


You were on level 12 of the Dungeon.
You worshipped Makhleb.
Makhleb was extremely pleased with you.
You were not hungry.

You visited 2 branches of the dungeon, and saw 13 of its levels.

You collected 468 gold pieces.

Inventory:

Hand Weapons
 a - a +1 war axe (weapon)
Missiles
 o - a throwing net (quivered)
Armour
 c - a +0 kite shield (worn)
 m - a +1 helmet (worn)
 v - a +0 chain mail (worn)
Jewellery
 b - a +3 ring of evasion
 l - a cursed ring of teleportation {unknown}
Wands
 t - a wand of polymorph (11)
 C - a wand of flame (15)
Scrolls
 d - a scroll of immolation {@r4}
 h - 2 scrolls of remove curse {@r6}
 i - 5 scrolls of teleportation {@r2}
 u - 2 scrolls of blinking {@r3}
 w - a scroll of fear
 x - a scroll of enchant armour
 y - a scroll of identify {@r1}
 D - a scroll of magic mapping {@r5}
Potions
 f - 2 potions of lignification {unknown}
 g - a potion of flight
 j - 2 potions of stabbing {@q5}
 k - a potion of might {@q3}
 n - 3 potions of haste {@q4}
 p - a potion of curing {@q1}
 q - a potion of berserk rage
 r - a potion of cancellation
 s - 6 potions of heal wounds {@q2}
 z - a potion of brilliance {unknown}
 A - 2 potions of invisibility {unknown}
Comestibles
 e - 24 rations
 B - 8 chunks of flesh


   Skills:
 * Level 9.6(7.9) Fighting
 * Level 11.1(9.3) Axes
 + Level 8.4(6.7) Armour
 + Level 8.4(6.8) Shields
 * Level 11.7(9.9) Invocations


You had 10 spell levels left.
You didn't know any spells.
Your spell library was empty.

Dungeon Overview and Level Annotations

Branches:
Dungeon (12/15)            Temple (1/1) D:4            Lair (0/6) D:10
    Orc (0/2) D:11

Altars:
Ashenzari
Cheibriados
Dithmenos
Fedhas
Gozag
Kikubaaqudgha
Makhleb
Nemelex Xobeh
Okawaru
Qazlal
Ru
Sif Muna
Trog
Uskayaw
Vehumet
Wu Jian
Xom
Yredelemnul
Zin
The Shining One
Lugonu

Shops:
D:6 }   D:11 *

Annotations:
D:5 3 runed translucent doors, drasked's ghost, novice HOMo


Innate Abilities, Weirdness & Mutations

You are resistant to damage.
You can heal yourself by infusing magical energy.
You passively map the area around you.
You do not regenerate.


Message History

You slash the redback!
The redback is heavily wounded.
You slash the redback!
You hit the deep elf mage but do no damage.
You feel very sick. You block the redback's attack.
The redback barely misses you.
The redback bites you but does no damage.
Your shield prevents you from hitting the redback.
The redback is heavily wounded.
You slash the deep elf mage! You closely miss the redback.
You feel very sick. The redback closely misses you.
The deep elf mage hits you but does no damage.
You block the redback's attack.
The redback bites you but does no damage.
Your shield and chain mail prevent you from hitting the deep elf mage.
The deep elf mage is heavily wounded.
You closely miss the redback. You hit the redback but do no damage.
You feel sick. You block the redback's attack.
The deep elf mage hits you but does no damage.
The redback bites you!
You are lethally poisoned!
The redback poisons you! The redback bites you!
You are more poisoned.
The redback poisons you!
Your chain mail prevents you from hitting the deep elf mage.
The deep elf mage is heavily wounded.
You slash the redback! You hit the redback but do no damage.
You feel extremely sick. The redback bites you.
You are more poisoned.
The redback poisons you! The redback closely misses you.
You block the deep elf mage's attack. You block the redback's attack.
The redback bites you but does no damage.
You are too injured to fight recklessly!
You are too injured to fight recklessly!
You are too injured to fight recklessly!
You are too injured to fight recklessly!
You are too injured to fight recklessly!
You are too injured to fight recklessly!
You are too injured to fight recklessly!
You are too injured to fight recklessly!
You are too injured to fight recklessly!
You are too injured to fight recklessly!
You are too injured to fight recklessly!
Your magical essence is drained by the effort!
You feel much better.
You feel extremely sick.
The deep elf mage hits you with a +0 rapier.
The redback bites you but does no damage. x2
Your magical essence is drained by the effort!
You feel much better.
You feel extremely sick.
The redback bites you but does no damage.
You block the redback's attack. You block the deep elf mage's attack.
The redback bites you. x2
You are more poisoned.
The redback poisons you!
You hit the deep elf mage but do no damage.
The deep elf mage is moderately wounded.
You hit the redback.
Your shield and chain mail prevent you from hitting the redback.
You feel extremely sick. The redback bites you.
The deep elf mage casts a spell at you. The bolt of negative energy hits you!!
You feel drained. You block the redback's attack.
You slash the deep elf mage!
The deep elf mage is almost dead.
Your shield and chain mail prevent you from hitting the redback.
You slash the redback!
You kill the redback!
The redback's corpse disappears in a puff of smoke!
* * * LOW HITPOINT WARNING * * *
You feel extremely sick. The redback bites you.
* * * LOW HITPOINT WARNING * * *
You are more poisoned.
The redback poisons you!
The deep elf mage gestures wildly while chanting.
The redback bites you.
You hit the deep elf mage but do no damage.
The deep elf mage is severely wounded.
You hit the redback.
* * * LOW HITPOINT WARNING * * *
You feel extremely sick.
The deep elf mage hits you but does no damage.
You block the redback's attack.
You closely miss the deep elf mage.
The deep elf mage is severely wounded.
Your chain mail prevents you from hitting the redback.
* * * LOW HITPOINT WARNING * * *
You feel extremely sick. You block the redback's attack.
The deep elf mage hits you but does no damage.
The redback barely misses you.
You hit the deep elf mage.
The deep elf mage is almost dead.
You hit the redback but do no damage.
You die...

, ..########...########..
....................... ,
,,,,......................
,...................... ,
, , #####............#####
* #.))#######..# , * #...#
#..# * , #...# #..# ,
#@..# #..##### * * #es.#
#....... 4s..# #....... ,
*,, .....#######...#### *
................# ,
###..............#### , ,
#..................
#....#######....... , , ,
#.......


You could see a demonic crawler, a hellwing, a deep elf mage and a redback.

Vanquished Creatures
  2 two-headed ogres
  A deep elf mage (D:10)
  A manticore (D:11)
  3 ugly things
  A troll (D:5)
  2 polar bears (D:8)
  4 hippogriffs
  A shadow (D:11)
  10 yaks
  A wyvern (D:8)
  2 hungry ghosts
  A soldier ant (D:12)
  A water moccasin (D:7)
  5 porcupines (D:10)
  6 orc warriors
  8 ice beasts
  3 sky beasts
  3 black bears
  A wolf (D:8)
  4 phantoms
  A necrophage (D:10)
  5 ogres
  7 centaurs
  A crocodile (D:10)
  3 big kobolds
  8 bullfrogs
  A gnoll sergeant (D:11)
  2 wyvern zombies
  4 scorpions
  2 electric eels (D:8)
  A troll skeleton (D:9)
  3 spriggan skeletons (D:9)
  A howler monkey (D:8)
  6 crimson imps
  A wyvern simulacrum (D:8)
  A bullfrog zombie (D:12)
  2 jellies
  4 centaur skeletons
  3 centaur zombies
  7 orc priests
  4 bullfrog skeletons
  7 hounds
  A water moccasin simulacrum (D:8)
  5 iguanas
  13 orc wizards
  Terence (D:2)
  12 worker ants
  A centaur simulacrum (D:8)
  A hound zombie (D:9)
  A hound skeleton (D:8)
  2 worker ant zombies
  18 adders
  7 gnolls
  2 shadow imps
  2 howler monkey simulacra (D:8)
  4 white imps (D:8)
  A worker ant simulacrum (D:8)
  3 ufetubi (D:8)
  2 adder skeletons
  An adder zombie (D:9)
  2 worms
  A dart slug (D:4)
  An adder simulacrum (D:8)
  2 leopard geckos (D:8)
  49 orcs
  3 ball pythons
  6 bats
  5 giant cockroaches
  3 goblins (D:1)
  4 hobgoblins
  15 jackals
  20 kobolds
  2 quokkas
  A frilled lizard (D:5)
  A leopard gecko simulacrum (D:8)
  A leopard gecko zombie (D:8)
  A quokka skeleton (D:6)
  5 rats
  9 fungi (D:10)
  4 plants (D:10)
346 creatures vanquished.

Vanquished Creatures (others)
  17 fungi (D:10)
  3 plants (D:10)
20 creatures vanquished.

Grand Total: 366 creatures vanquished

Notes
Turn   | Place    | Note
-------+----------+-------------------------------------------
     0 | D:1      | EnegeticOcto the Deep Dwarf Fighter began the quest for the
                  | Orb.
     0 | D:1      | Reached XP level 1. HP: 20/20 MP: 1/1
   106 | D:1      | Reached XP level 2. HP: 22/27 MP: 2/2
   209 | D:2      | Noticed Terence
   230 | D:2      | Killed Terence
   230 | D:2      | Reached XP level 3. HP: 34/34 MP: 1/3
   410 | D:3      | Noticed an ice beast
   425 | D:3      | Killed an ice beast
   425 | D:3      | Reached XP level 4. HP: 38/44 MP: 4/4
   425 | D:3      | Reached XP level 5. HP: 43/50 MP: 5/5
   694 | D:4      | Found a shimmering blue altar of Sif Muna.
   700 | D:4      | You fall into a shaft and drop 1 floor!
   700 | D:5      | Entered Level 5 of the Dungeon
   703 | D:5      | Reached XP level 6. HP: 52/57 MP: 6/6
   716 | D:5      | Noticed drasked's ghost (novice HOMo)
   726 | D:5      | Found a runed translucent gate.
   726 | D:5      | Found a runed translucent gate.
   728 | D:5      | Found a runed translucent gate.
   879 | D:4      | Reached skill level 5 in Axes
   891 | D:4      | Found a stormy altar of Qazlal.
  1169 | D:4      | Found a staircase to the Ecumenical Temple.
  1237 | Temple   | Entered the Ecumenical Temple
  1264 | Temple   | Became a worshipper of Makhleb the Destroyer
  1367 | D:5      | Reached skill level 1 in Invocations
  1367 | D:5      | Reached XP level 7. HP: 50/66 MP: 7/7
  1387 | D:5      | Found a basalt altar of Yredelemnul.
  1457 | D:5      | Reached skill level 5 in Fighting
  1667 | D:5      | Found a shattered altar of Ashenzari.
  1709 | D:5      | Reached skill level 5 in Armour
  1739 | D:5      | Reached skill level 5 in Shields
  1754 | D:5      | Noticed a troll
  1786 | D:5      | Reached XP level 8. HP: 54/74 MP: 10/10
  1791 | D:5      | Reached * piety under Makhleb
  1861 | D:5      | Killed a troll
  2383 | D:6      | Found Japrutash's Gadget Shoppe.
  2401 | D:6      | Reached skill level 5 in Invocations
  2466 | D:6      | Found a basalt altar of Yredelemnul.
  2726 | D:6      | Reached ** piety under Makhleb
  2889 | D:6      | Found an opulent altar of Gozag.
  3016 | D:6      | Gained mutation: You passively map the area around you.
                  | [Deep Dwarf growth]
  3016 | D:6      | Reached XP level 9. HP: 65/82 MP: 6/6
  3405 | D:7      | Found a glowing golden altar of the Shining One.
  3551 | D:7      | Found a sparkling altar of Nemelex Xobeh.
  4020 | D:8      | Noticed a polar bear
  4042 | D:8      | Killed a polar bear
  4068 | D:8      | Noticed a two-headed ogre
  4103 | D:8      | Killed a two-headed ogre
  4104 | D:8      | Reached XP level 10. HP: 94/94 MP: 4/6
  4270 | D:8      | Reached *** piety under Makhleb
  4489 | D:8      | Reached **** piety under Makhleb
  4700 | D:8      | Found a blossoming altar of Fedhas.
  4905 | D:9      | Found an ancient bone altar of Kikubaaqudgha.
  4908 | D:9      | Found an iron altar of Okawaru.
  4908 | D:9      | Found an ornate altar of the Wu Jian Council.
  5037 | D:9      | Found a sacrificial altar of Ru.
  5380 | D:9      | Reached ***** piety under Makhleb
  5421 | D:9      | Reached skill level 10 in Invocations
  5612 | D:10     | Entered Level 10 of the Dungeon
  5637 | D:10     | Noticed a deep elf mage
  5657 | D:10     | Killed a deep elf mage
  5657 | D:10     | Reached XP level 11. HP: 93/104 MP: 4/4
  5663 | D:10     | Reached skill level 10 in Axes
  5949 | D:10     | Found a staircase to the Lair.
  5967 | D:10     | Found a glowing golden altar of the Shining One.
  6313 | D:11     | Noticed a brown ugly thing
  6325 | D:11     | Killed a brown ugly thing
  6415 | D:11     | Found a staircase to the Orcish Mines.
  6550 | D:11     | Found Qocriv's General Store.
  6803 | D:11     | Noticed a purple ugly thing
  6813 | D:11     | Killed a purple ugly thing
  7506 | D:12     | Noticed a two-headed ogre
  7519 | D:12     | Killed a two-headed ogre
  7643 | D:12     | Noticed a red ugly thing
  7671 | D:12     | Killed a red ugly thing
  7919 | D:12     | Noticed a deep elf mage
  7937 | D:12     | HP: 4/108 [poisoned by a redback]
  7938 | D:12     | Succumbed to a redback's poison

Levels and vault maps discovered:
D:1:      lightli_arrival_isolated_outpost, layout_basic, serial_park_tiny_pond
D:2:      kennysheep_six_static_rooms, layout_basic, uniq_terence
D:3:      layout_basic, elyvilon_altar_1, overflow_temple_1_default,
          first_ration
D:4:      layout_basic, nicolae_overflow_crystal_walls, kennysheep_mini,
          lemuel_temple_firewalk_b
D:5:      minmay_chambers_of_threes, layout_basic, cheibrodos_ashenzari_chains,
          lemuel_crystal_altar, gammafunk_ghost_split, kennysheep_potato
D:6:      layout_basic, grunt_gozag_breadcrumbs, basic_altar, serial_shops,
          nicolae_shop_behind_doors, minmay_misc_feat_alley
D:7:      layout_basic, overflow_temple_1_default, old_standard_altar,
          grunt_ogre_cave, chequers_arboretum, chequers_serial_rivers_large_b,
          st_stairs_14
D:8:      layout_cave_pools, fedhas_altar_fruit_tree, serial_ice, serial_ice_k,
          serial_ice_o, serial_ice_h, serial_ice_d, serial_ice_m, serial_ice_n,
          serial_ice_g, serial_ice_f
D:9:      layout_loops_cross, lemuel_crystal_altar,
          chequers_temple_overflow_statue_of_worship, hangedman_tell_no_tales
D:10:     layout_basic, due_lair_maze_entry_diamond, basic_altar
D:11:     layout_layer_cave, orc_0_dummy, serial_shops, shop
D:12:     layout_small_grid, chequers_serial_rivers_micro_e
Temple:   corrupted_temple

Skill      XL: |  1  2  3  4  5  6  7  8  9 10 11 |
---------------+----------------------------------+-----
Fighting       | 3 4 5 6 7 8 9 |  9.6
Axes           | 3 4 5 7 8 9 11 | 11.1
Armour         | 4 5 6 7 8 |  8.4
Shields        | 4 5 6 7 8 |  8.4
Invocations    | 1 3 6 8 10 11 | 11.7

Action                   |  1- 3 |  4- 6 |  7- 9 | 10-12 || total
-------------------------+-------+-------+-------+-------++-------
Melee: War axe           |    83 |   178 |   423 |   813 ||  1497
 Abil: Heal Wounds       |     1 |     3 |    36 |    26 ||    66
  Use: Scroll            |       |       |    13 |     8 ||    21
  Eat: Chunk             |       |     2 |    10 |    10 ||    22
       Ration            |       |       |       |     5 ||     5
Armor: Scale mail        |    66 |    62 |    50 |       ||   178
       Chain mail        |       |       |   180 |   436 ||   616
Dodge: Dodged            |    39 |    58 |   155 |   217 ||   469
Block: Kite shield       |    70 |   117 |   301 |   509 ||   997

Table legend:
 A = Non-vault XP
 B = Vault XP
 C = Vault XP percentage of total XP
 D = Non-vault monster count
 E = Vault monster count
 F = Vault count percentage of total count
                 A         B        C        D         E       F
            +---------+---------+-------+---------+---------+-------
      Total |   17038 |    4531 |  21.0 |     279 |      54 |  16.2
            +---------+---------+-------+---------+---------+-------
        D:1 |      29 |       0 |   0.0 |      18 |       0 |   0.0
        D:2 |      25 |      36 |  59.0 |       7 |       1 |  12.5
        D:3 |     169 |       0 |   0.0 |       9 |       0 |   0.0
        D:4 |     326 |       0 |   0.0 |      14 |       0 |   0.0
        D:5 |     743 |     585 |  44.1 |      27 |      10 |  27.0
        D:6 |     991 |       0 |   0.0 |      30 |       0 |   0.0
        D:7 |     712 |     232 |  24.6 |      12 |       2 |  14.3
        D:8 |    2648 |    2221 |  45.6 |      38 |      26 |  40.6
        D:9 |    1795 |     300 |  14.3 |      40 |       6 |  13.0
       D:10 |    2998 |    1157 |  27.8 |      33 |       9 |  21.4
       D:11 |    2872 |       0 |   0.0 |      20 |       0 |   0.0
       D:12 |    3730 |       0 |   0.0 |      31 |       0 |   0.0
            +---------+---------+-------+---------+---------+-------
